 Dungeon Crawl Stone Soup version 0.22-a0-422-g9628fc8 (webtiles) character file.

632 gottagoquickly the Cleaver (level 7, -4/61 HPs)
             Began as a Minotaur Berserker on May 20, 2018.
             Was a Believer of Trog.
             Slain by a black bear (6 damage)
             ... on level 5 of the Dungeon.
             The game lasted 00:06:05 (1007 turns).

gottagoquickly the Cleaver (Minotaur Berserker)     Turns: 1007, Time: 00:06:06

Health: -4/61      AC:  6    Str: 22    XL:     7   Next: 24%
Magic:  6/6        EV: 10    Int:  5    God:    Trog [**....]
Gold:   80         SH:  0    Dex: 10    Spells: 6/6 levels left

rFire    . . .     SeeInvis .   a - +0 war axe
rCold    . . .     Gourm    .   (no shield)
rNeg     . . .     Faith    .   e - +0 scale mail
rPois    .         Spirit   .   (helmet restricted)
rElec    .         Reflect  .   (no cloak)
rCorr    .         Harm     .   (no gloves)
MR       .....                  (no boots)
Stlth    ..........             (no amulet)
HPRegen  0.20/turn              (no ring)
MPRegen  0.10/turn              (no ring)

@: berserk cooldown, slowed, very slow
A: retaliatory headbutt, horns 2
a: Berserk, Trog's Hand, Renounce Religion


You were on level 5 of the Dungeon.
You worshipped Trog.
Trog was pleased with you.
You were hungry.

You visited 1 branch of the dungeon, and saw 6 of its levels.

You collected 80 gold pieces.

Inventory:

Hand Weapons
 a - a +0 war axe (weapon)
 h - a +0 morningstar
Armour
 b - a +0 animal skin
 e - a +0 scale mail (worn)
Jewellery
 j - an uncursed ring of ice
Scrolls
 c - 3 scrolls of noise {unknown}
 g - 2 scrolls of magic mapping {unknown}
 i - 2 scrolls of identify {unknown}
 k - 3 scrolls of remove curse {unknown}
 m - a scroll of immolation {unknown}
 n - a scroll of fear {unknown}
 o - a scroll of enchant weapon {unknown}
Comestibles
 d - 5 rations
 f - 4 chunks of flesh


   Skills:
 + Level 5.2 Fighting
 * Level 9.4 Axes
 - Level 2.4 Armour
 - Level 2.1 Dodging


You had 6 spell levels left.
You didn't know any spells.
Your spell library was empty.

Dungeon Overview and Level Annotations

Branches:
Dungeon (6/15)             Temple (0/1) D:5

Altars:


Innate Abilities, Weirdness & Mutations

You reflexively headbutt those who attack you in melee.
You have a pair of horns on your head.


Message History

The black bear is heavily wounded.
The black bear closely misses you. The black bear barely misses you.
The black bear claws you.
You slash the black bear!
The black bear is almost dead.
The black bear goes berserk!
The black bear bites you.
* * * LOW HITPOINT WARNING * * *
The black bear closely misses you. The black bear misses you.
You hit the black bear.
The black bear is almost dead.
The black bear bites you.
* * * LOW HITPOINT WARNING * * *
The black bear claws you.
* * * LOW HITPOINT WARNING * * *
The black bear claws you.
* * * LOW HITPOINT WARNING * * *
The black bear bites you.
* * * LOW HITPOINT WARNING * * *
The black bear claws you.
You die...

##############
.............######
############........
#.....######..######
...............h@#
#.###..#####...### #..###
#...# ####.... #...#
.....### #...# #.....
#<..#########.
####.#.#####.............
.............#.#######.#.
####.#................


You could see a black bear (berserk).

Vanquished Creatures
  Eustachio (D:5)
  A sky beast (D:5)
  A howler monkey (D:3)
  A centaur zombie (D:5)
  A crimson imp (D:5)
  2 orc priests
  An orc wizard (D:3)
  A bullfrog skeleton (D:5)
  2 worker ants (D:5)
  4 gnolls (D:3)
  3 adders
  2 worms
  A dart slug (D:3)
  4 leopard geckos (D:3)
  11 orcs
  A giant cockroach (D:3)
  3 goblins
  2 hobgoblins
  4 jackals (D:2)
  A kobold (D:2)
  A quokka (D:5)
  A ball python (D:3)
  2 bats
  3 frilled lizards
  A rat (D:3)
55 creatures vanquished.

Notes
Turn   | Place    | Note
-------+----------+-------------------------------------------
     0 | D:1      | gottagoquickly the Minotaur Berserker began the quest for the Orb.
     0 | D:1      | Reached XP level 1. HP: 19/19 MP: 0/0
   168 | D:2      | Reached skill level 4 in Axes
   168 | D:2      | Reached XP level 2. HP: 26/26 MP: 1/1
   240 | D:2      | Reached skill level 5 in Axes
   265 | D:3      | Reached XP level 3. HP: 20/31 MP: 2/2
   336 | D:3      | Reached ** piety under Trog
   344 | D:3      | Reached skill level 6 in Axes
   344 | D:3      | Reached XP level 4. HP: 14/39 MP: 3/3
   348 | D:3      | HP: 7/39 [poisoned by an adder]
   353 | D:3      | HP: 5/39 [poisoned by an adder]
   358 | D:3      | HP: 4/39 [poisoned by an adder]
   493 | D:3      | Reached skill level 7 in Axes
   493 | D:3      | Reached XP level 5. HP: 23/45 MP: 4/4
   517 | D:3      | HP: 9/45 [howler monkey (5)]
   539 | D:3      | HP: 7/45 [dart slug/slug dart (6)]
   671 | D:5      | Entered Level 5 of the Dungeon
   678 | D:5      | Reached skill level 4 in Fighting
   678 | D:5      | Reached skill level 8 in Axes
   678 | D:5      | Reached XP level 6. HP: 49/52 MP: 5/5
   716 | D:5      | Found a staircase to the Ecumenical Temple.
   738 | D:5      | Noticed a sky beast
   747 | D:5      | Killed a sky beast
   768 | D:5      | Noticed Eustachio
   795 | D:5      | Killed Eustachio
   795 | D:5      | Reached skill level 9 in Axes
   795 | D:5      | Reached XP level 7. HP: 33/60 MP: 6/6
   825 | D:5      | Reached skill level 5 in Fighting
   831 | D:5      | HP: 8/61 [centaur zombie (6)]
  1007 | D:5      | HP: 10/61 [black bear (5)]
  1007 | D:5      | HP: 2/61 [black bear (5)]
  1007 | D:5      | Slain by a black bear

Vault maps used:
D:1:      nicolae_arrival_washed_ashore
D:3:      led_sif_pool
D:4:      minmay_diamond_boxcup, first_ration, minmay_cupped, uniq_menkaure
D:5:      old_standard_altar, old_standard_altar, minmay_temple_entry_overgrown,
          uniq_duvessa, uniq_eustachio
D:6:      nicolae_overflow_hidden_temple, serial_shops, kennysheep_little_box

Skill      XL: |  1  2  3  4  5  6  7 |
---------------+----------------------+-----
Axes           | 4 5 6 7 8 9 |  9.4
Fighting       | 4 5 |  5.2
Armour         | |  2.4
Dodging        | |  2.1

Action                   |  1- 3 |  4- 6 |  7- 9 || total
-------------------------+-------+-------+-------++-------
Melee: Hand axe          |    48 |    39 |       ||    87
       Headbutt          |     8 |    10 |     2 ||    20
       War axe           |       |    13 |    19 ||    32
Invok: Berserk           |     3 |     4 |     2 ||     9
  Use: Potion            |       |     1 |     2 ||     3
  Eat: Chunk             |       |     6 |     3 ||     9
Armor: Animal skin       |     1 |       |       ||     1
       Scale mail        |    14 |    18 |     9 ||    41
Dodge: Dodged            |    30 |    36 |    16 ||    82

Table legend:
 A = Spawn XP
 B = Non-spawn XP
 C = Spawn XP percentage of total XP
 D = Spawn monster count
 E = Non-spawn monster count
 F = Spawn count percentage of total count
 G = Total turns spent on level
                    A         B        C        D         E        F      G
               +---------+---------+-------+---------+---------+-------+---------
         Total |       0 |     904 |   0.0 |       0 |      55 |   0.0 |  1007
               +---------+---------+-------+---------+---------+-------+---------
           D:2 |       0 |      49 |   0.0 |       0 |      13 |   0.0 |   350
           D:3 |       0 |     259 |   0.0 |       0 |      28 |   0.0 |   271
           D:5 |       0 |     587 |   0.0 |       0 |      11 |   0.0 |   304
           D:6 |       0 |       9 |   0.0 |       0 |       3 |   0.0 |    32
               +---------+---------+-------+---------+---------+-------+---------
